 Dungeon Crawl Stone Soup version 0.21-a0-517-gd76cfe0 (webtiles) character file.

373 slep the Chopper (level 6, -1/49 HPs)
             Began as a Vine Stalker Monk on Dec 3, 2017.
             Slain by Grinder (3 damage)
             ... on level 3 of the Dungeon.
             The game lasted 00:09:38 (1958 turns).

slep the Chopper (Vine Stalker Monk)                Turns: 1958, Time: 00:09:43

Health: -1/49      AC:  5    Str: 21    XL:     6   Next: 72%
Magic:  0/7        EV: 12    Int: 10    God:
Gold:   29         SH:  4    Dex: 16    Spells: 5/5 levels left

rFire    + . .     SeeInvis .   a - +0 hand axe
rCold    + . .     Gourm    .   t - +0 buckler
rNeg     . . .     Faith    .   j - +0 ring mail
rPois    +         Spirit   +   (no helmet)
rElec    +         Reflect  .   (no cloak)
rCorr    +         Harm     .   (no gloves)
MR       .....                  (no boots)
Stlth    ..........             d - amulet of regeneration
HPRegen  0.96/turn              p - ring of wizardry
MPRegen  0.10/turn              (no ring)

@: berserking, lethally poisoned (-1 -> -1), resistant, very quick
A: fangs 2, regeneration 1, magic shield, antimagic bite, no potion heal 3, rot
immunity
a: no special abilities


You were on level 3 of the Dungeon.
You were not hungry.

You visited 1 branch of the dungeon, and saw 3 of its levels.

You collected 29 gold pieces.

Inventory:

Hand Weapons
 a - a +0 hand axe (weapon)
Missiles
 o - a throwing net (quivered)
Armour
 b - a +0 robe
 e - a +0 leather armour
 j - a +0 ring mail (worn)
 t - a +0 buckler (worn)
Jewellery
 d - an amulet of regeneration (around neck)
 p - a ring of wizardry (left hand)
Wands
 n - a wand of flame (27)
Scrolls
 g - 5 scrolls of identify {unknown}
 i - 2 scrolls of fog {unknown}
 k - 2 scrolls of teleportation {unknown}
 l - 4 scrolls of remove curse {unknown}
 m - a scroll of magic mapping {unknown}
 r - a scroll of blinking {unknown}
 v - a scroll of enchant armour {unknown}
Books
 w - a book of Changes

   Spells                             Type                      Level
   a - Beastly Appendage              Transmutation                1
   b - Sticks to Snakes               Transmutation                2
   c - Spider Form                    Transmutation/Poison         3
   d - Ice Form                       Ice/Transmutation            4
   e - Blade Hands                    Transmutation                5
Comestibles
 c - 2 bread rations
 f - a royal jelly
 s - 6 fruits
 u - 3 chunks of flesh


   Skills:
 + Level 3.7 Fighting
 + Level 4.5 Axes
 + Level 1.8 Armour
 + Level 3.3 Dodging
 + Level 3.5 Stealth
 + Level 0.3 Shields


You had 5 spell levels left.
You didn't know any spells.

Dungeon Overview and Level Annotations

Branches:
Dungeon (3/15)

Altars:
Fedhas
Ru
Wu Jian
Xom

Annotations:
D:3 Grinder


Innate Abilities, Weirdness & Mutations

You have extremely sharp teeth.
Your natural rate of healing is unusually fast.
When hurt, damage is shared between your health and your magic reserves.
Your bite disrupts and absorbs the magic of your enemies.
Potions cannot restore your health.
You are immune to rotting.


Message History

Grinder falters for a moment. x2
You hit Grinder. You bite Grinder.
Grinder's magic leaks into the air.
You drain her magic.
Grinder is heavily wounded.
You feel sick. Grinder hits you.
* * * LOW HITPOINT WARNING * * *
You writhe in agony.
* * * LOW HITPOINT WARNING * * *
You hit Grinder. You bite Grinder, but do no damage.
Grinder is heavily wounded.
Grinder hits you!
* * * LOW HITPOINT WARNING * * *
It was a potion of berserk rage.
A red film seems to cover your vision as you go berserk!
You feel yourself moving faster!
You feel mighty!
Grinder says, "There's only one good use for a tongue: cutting it out."
Grinder hits you.
* * * LOW HITPOINT WARNING * * *
You writhe in agony.
You die...

...# #.## #..................##
...# #..# #..................##
...# ##.####.####..............
...# #).# #.# #..............
...# ##.###.# ###########...#
...##### #..##.# #...# .......#
##.##.# #...# .......##
#.[#.##### #...+ ........#
##.#..@5.# #...# .[..###.#
#...###..# #...# ......#.# ##..#
...# #...# ...##.#.# #.## b...#
#.... ......#.####### .8....
##... ...........# ....... ####
...........# ###...> #######
...........# #######.. #......
...........######.....#####.....)


You could see Grinder.

Vanquished Creatures
  Sigmund (D:2)
  A howler monkey (D:3)
  8 adders
  An ooze (D:1)
  4 worms (D:2)
  A dart slug (D:1)
  3 leopard geckos (D:2)
  5 bats
  6 giant cockroaches
  4 goblins
  7 hobgoblins
  13 jackals
  2 quokkas
  A ball python (D:1)
  7 frilled lizards
  5 kobolds
  7 rats
76 creatures vanquished.

Notes
Turn   | Place    | Note
-------+----------+-------------------------------------------
     0 | D:1      | slep the Vine Stalker Monk began the quest for the Orb.
     0 | D:1      | Reached XP level 1. HP: 11/11 MP: 2/2
   177 | D:1      | Reached XP level 2. HP: 16/16 MP: 3/3
   696 | D:2      | Reached XP level 3. HP: 20/20 MP: 4/4
   718 | D:2      | Reached skill level 3 in Axes
   874 | D:2      | Gained mutation: Your natural rate of healing is unusually fast. [Vine Stalker growth]
   874 | D:2      | Reached XP level 4. HP: 23/24 MP: 5/5
   902 | D:2      | Found a blossoming altar of Fedhas.
   933 | D:2      | Noticed Sigmund
   958 | D:2      | Killed Sigmund
   958 | D:2      | Reached skill level 4 in Axes
   958 | D:2      | Reached skill level 1 in Armour
   958 | D:2      | Reached XP level 5. HP: 10/28 MP: 2/6
   958 | D:2      | Reached XP level 6. HP: 12/32 MP: 2/7
  1011 | D:2      | Found a sacrificial altar of Ru.
  1287 | D:2      | Found a shimmering altar of Xom.
  1627 | D:3      | Found a faded altar of an unknown god.
  1732 | D:3      | Found an ornate altar of the Wu Jian Council.
  1916 | D:3      | Noticed Grinder
  1958 | D:3      | HP: 2/49 [Grinder (2)]
  1958 | D:3      | Slain by Grinder

Vault maps used:
D:1:      dpeg_arrival_rooms_a, corner_web_ring
D:2:      wad_river_or_something, lemuel_coloured_pillars_altar,
          xom_butterflies, nicolae_ru_awakened_eye, uniq_sigmund
D:3:      lemuel_doored_altar, chequers_ecumenical_altar_simple,
          hangedman_feature_mirror, grunt_ministairs_12, uniq_grinder

Skill      XL: |  1  2  3  4 |
---------------+-------------+-----
Fighting       | 3 |  3.7
Axes           | 3 4 |  4.5
Armour         | 1 |  1.8
Dodging        | 3 |  3.3
Stealth        | 3 |  3.5
Shields        | |  0.3

Action                   |  1- 3 |  4- 6 || total
-------------------------+-------+-------++-------
Melee: Hand axe          |    83 |   182 ||   265
       Bite              |    21 |    58 ||    79
  Use: Potion            |       |     2 ||     2
 Stab: Sleeping          |     2 |     1 ||     3
  Eat: Chunk             |       |     4 ||     4
Armor: Robe              |     3 |       ||     3
       Leather armour    |    12 |       ||    12
       Ring mail         |    13 |    58 ||    71
Dodge: Dodged            |    64 |   120 ||   184
Block: Buckler           |       |    13 ||    13

Table legend:
 A = Spawn XP
 B = Non-spawn XP
 C = Spawn XP percentage of total XP
 D = Spawn monster count
 E = Non-spawn monster count
 F = Spawn count percentage of total count
 G = Total turns spent on level
                    A         B        C        D         E        F      G
               +---------+---------+-------+---------+---------+-------+---------
         Total |       0 |     534 |   0.0 |       0 |      76 |   0.0 |  1958
               +---------+---------+-------+---------+---------+-------+---------
           D:1 |       0 |      30 |   0.0 |       0 |      15 |   0.0 |   681
           D:2 |       0 |     358 |   0.0 |       0 |      40 |   0.0 |   897
           D:3 |       0 |     146 |   0.0 |       0 |      21 |   0.0 |   380
               +---------+---------+-------+---------+---------+-------+---------
